 Dungeon Crawl Stone Soup version 0.19.0-2-gae57169 (webtiles) character file.

37989 Patchouli the Thaumaturge (level 13, -8/68 HPs)
             Began as a Deep Elf Fire Elementalist on Nov 5, 2016.
             Was an Elder of Sif Muna.
             Engulfed by a cloud of freezing vapour (12 damage)
             ... on level 6 of the Lair of Beasts.
             The game lasted 01:44:38 (14809 turns).

Patchouli the Thaumaturge (DEFE)                   Turns: 14809, Time: 01:44:39

Health: -8/68      AC:  6    Str:  5    XL:     13   Next: 61%
Magic:  0/32       EV: 18    Int: 31    God:    Sif Muna [****..]
Gold:   935        SH:  0    Dex: 15    Spells: 9 memorised, 4 levels left

rFire  + + .     SeeInvis .     n - staff of wizardry (curse)
rCold  + . .     Gourm    .     Z - +2 robe {rC+}
rNeg   . . .     Faith    .     (no shield)
rPois  .         Spirit   .     p - +0 hat
rElec  .         Reflect  .     R - +0 cloak
rCorr  .         Harm     .     g - +0 pair of gloves
MR     +....                    (no boots)
Stlth  +.........               (no amulet)
                                z - +5 ring of intelligence
                                v - ring of wizardry

@: no casting
A: fire resistance 2
a: Stop Divine Energy, Channel Magic, Forget Spell, Renounce Religion


You were on level 6 of the Lair of Beasts.
You worshipped Sif Muna.
Sif Muna was greatly pleased with you.
You were not hungry.

You visited 4 branches of the dungeon, and saw 21 of its levels.

You collected 935 gold pieces.

Inventory:

Armour
 g - a +0 pair of gloves (worn)
 p - a +0 hat (worn)
 E - a +0 pair of gloves
 R - a +0 cloak (worn)
 Z - a +2 robe of cold resistance (worn)
Magical Staves
 n - a cursed staff of wizardry (weapon)
Jewellery
 v - a ring of wizardry (left hand)
 z - a +5 ring of intelligence (right hand)
Wands
 d - a wand of paralysis (5/24)
 i - a wand of enslavement (4/24)
 k - a wand of lightning (12/15)
 r - a wand of disintegration (14/24)
 x - a wand of random effects (12/48)
 D - a wand of lightning (5/15)
Scrolls
 l - 7 scrolls of identify
 q - 5 scrolls of remove curse
 u - a scroll of summoning {unknown}
 w - 3 scrolls of magic mapping
 y - 3 scrolls of amnesia {unknown}
 B - 7 scrolls of enchant armour {unknown}
 M - 2 scrolls of immolation
 U - 2 scrolls of teleportation
 V - 2 scrolls of fear {unknown}
 X - 3 scrolls of fog {unknown}
 Y - a scroll of torment {unknown}
Potions
 b - a potion of cure mutation {unknown}
 e - 3 potions of might {unknown}
 m - 2 potions of heal wounds
 o - 3 potions of haste
 s - a potion of brilliance
 J - 4 potions of curing
Miscellaneous
 j - a crystal ball of energy
Comestibles
 a - 2 fruits
 c - 5 bread rations
 f - 2 beef jerkies
 h - a royal jelly
 t - 2 meat rations
 A - 5 chunks of flesh


   Skills:
 * Level 2.5 Fighting
 - Level 5.1 Armour
 + Level 8.9 Dodging
 - Level 2.4 Stealth
 * Level 13.5 Spellcasting
 * Level 11.4 Conjurations
 - Level 6.0 Hexes
 * Level 2.5 Translocations
 * Level 12.0 Fire Magic
 * Level 1.8 Ice Magic
 * Level 4.7 Air Magic
 * Level 7.0 Invocations
 * Level 6.5 Evocations


You had 4 spell levels left.
You knew the following spells:

 Your Spells              Type           Power        Failure   Level  Hunger
a - Flame Tongue          Conj/Fire      #####        1%          1    None
b - Bolt of Fire          Conj/Fire      #######...   1%          6    ####...
c - Conjure Flame         Conj/Fire      #######.     1%          3    None
e - Freezing Cloud        Conj/Ice/Air   ######....   10%         6    ####...
f - Fireball              Conj/Fire      #######...   1%          5    None
i - Inner Flame           Hex/Fire       ######..     1%          3    None
k - Blink                 Tloc           N/A          1%          2    None
s - Sticky Flame          Conj/Fire      #######.     1%          4    None
t - Lightning Bolt        Conj/Air       ######....   1%          5    None


Dungeon Overview and Level Annotations

Branches:
Dungeon (13/15)            Temple (1/1) D:5            Lair (6/6) D:10
 Shoals (0/4) Lair:4       Spider (0/4) Lair:2        Slime (0/5) Lair:6
    Orc (1/2) D:11
 Vaults: D:13-14

Altars:
Ashenzari
Cheibriados
Dithmenos
Elyvilon
Fedhas
Gozag
Hepliaklqana
Kikubaaqudgha
Makhleb
Nemelex Xobeh
Okawaru
Qazlal
Ru
Sif Muna
Trog
Uskayaw
Vehumet
Yredelemnul
Zin
The Shining One
Beogh
Jiyva

Annotations:
D:2 Robin
D:3 Ijyb


Innate Abilities, Weirdness & Mutations

Your flesh is very heat resistant. (rF++)


Message History

Aim: a dire elephant (heavily wounded)
The fireball explodes!
The fireball engulfs the dire elephant.
The dire elephant is severely wounded.
The fireball engulfs the dire elephant.
The dire elephant is severely wounded.
Casting: Fireball
Confirm with . or Enter, or press ? or * to list all spells.
You blink.
The dire elephant tramples you!!
* * * LOW HITPOINT WARNING * * *
You hold your ground!
The dire elephant closely misses you.
Casting: Blink
Confirm with . or Enter, or press ? or * to list all spells.
You blink.
Splash!
You fall into the shallow water.
Moving in this stuff is going to be slow.
Sif Muna grants you divine energy.
You briefly lose access to your magic!
You are engulfed in freezing vapours.
You resist.
You die...

##.....♣##.#..'..###
###.....♣#..#..'..#
###P#P....##.##..####
#.#......###.#...#
##.......♣#...#8.8#
#........##.####'##
#........#..#≈...##
.........#.##≈≈≈§.#
#........#.#≈≈§§@≈#
......#..#.#.≈≈§§§#
......##.#.##.≈§≈##
P.....#P.#.####Y§##
.........#.8##.Y..#
.........'..8#....#
...<.....'.⌠.#....#
.....#...†..8#!(??#
.....#...#.8###=/##


You could see 2 dire elephants.

Vanquished Creatures
  3 hydras
  Fannar (Lair:1)
  Erica (D:11)
  A catoblepas (Lair:6)
  An anaconda (Lair:6)
  2 unseen horrors
  Pikel (D:7)
  A hill giant (D:12)
  An oklob plant (Lair:1)
  2 ugly things
  10 elephants
  4 black mambas
  2 rime drakes
  10 spiny frogs
  6 komodo dragons
  A troll (D:10)
  2 two-headed ogres
  2 polar bears
  Grinder (D:3)
  9 blink frogs
  4 dream sheep (Lair:5)
  8 hippogriffs
  37 yaks
  2 wyverns (D:12)
  4 redbacks (Lair:2)
  A wraith (D:10)
  2 basilisks
  A fire elemental (Lair:2)
  2 vampire mosquitoes (D:12)
  Menkaure (D:7)
  3 wargs
  4 porcupines
  11 water moccasins
  3 ice beasts
  3 orc warriors
  3 black bears
  A slave (D:7)
  7 ogres
  An eye of draining (D:11)
  2 phantoms
  2 sky beasts
  A necrophage (D:11)
  2 centaurs (D:8)
  9 crocodiles
  6 wolves (Lair:4)
  3 big kobolds (D:8)
  3 gnoll sergeants
  9 bullfrogs
  A wyvern skeleton (D:11)
  2 water moccasin skeletons
  5 killer bees (D:9)
  4 scorpions
  3 wights (D:11)
  A howler monkey (D:10)
  An electric eel (Lair:2)
  2 crimson imps (D:10)
  2 bullfrog zombies (D:12)
  A centaur zombie (D:11)
  A quasit (D:11)
  3 gnoll shamans
  A bullfrog skeleton (D:5)
  2 jellies (Lair:6)
  8 orc priests
  5 hounds
  6 orc wizards
  3 centaur skeletons
  4 iguanas
  4 worker ants
  26 gnolls
  A howler monkey skeleton (D:7)
  10 adders
  2 oozes
  An adder skeleton (D:4)
  2 dart slugs
  A leopard gecko (D:1)
  28 orcs
  A ball python (D:4)
  2 bats (D:1)
  2 giant cockroaches
  5 goblins
  6 hobgoblins
  22 jackals
  4 quokkas
  3 frilled lizards
  15 kobolds
  A quokka zombie (D:6)
  A rat (D:1)
  3 fungi
  9 plants
400 creatures vanquished.

Vanquished Creatures (others)
  A yak (Lair:2)
  An orc warrior (D:8)
  A big kobold (D:7)
  A crimson imp (D:8)
  A jelly (D:8)
  A worker ant (D:8)
  A gnoll (D:8)
  2 jackals (D:7)
  A quokka (D:8)
  5 kobolds
  20 fungi
  13 plants
48 creatures vanquished.

Grand Total: 448 creatures vanquished

Notes
Turn   | Place    | Note
-------+----------+-------------------------------------------
     0 | D:1      | Patchouli the Deep Elf Fire Elementalist began the quest for the Orb.
     0 | D:1      | Reached XP level 1. HP: 10/10 MP: 6/6
   285 | D:1      | Reached XP level 2. HP: 12/15 MP: 5/8
   610 | D:1      | You fall through a shaft!
   610 | D:2      | Noticed Robin
   617 | D:2      | Reached XP level 3. HP: 19/19 MP: 5/10
   704 | D:3      | Found a blossoming altar of Fedhas.
   709 | D:3      | Learned a level 3 spell: Conjure Flame
   713 | D:3      | Learned a level 3 spell: Inner Flame
   847 | D:2      | Reached skill level 4 in Spellcasting
   945 | D:2      | Found a stormy altar of Qazlal.
   967 | D:4      | Noticed an ogre
   967 | D:4      | Noticed a scorpion
  1020 | D:3      | Noticed Grinder
  1196 | D:3      | Paralysed by Grinder for 7 turns
  1217 | D:3      | Paralysed by Grinder for 6 turns
  1220 | D:3      | Noticed Ijyb
  1315 | D:3      | Reached XP level 4. HP: 14/24 MP: 10/12
  1332 | D:3      | Learned a level 4 spell: Sticky Flame
  1391 | D:3      | Paralysed by Grinder for 5 turns
  1393 | D:3      | Killed Grinder
  1393 | D:3      | Reached skill level 5 in Spellcasting
  1393 | D:3      | Reached skill level 1 in Hexes
  1393 | D:3      | Reached XP level 5. HP: 24/28 MP: 5/14
  1393 | D:3      | Reached XP level 6. HP: 28/32 MP: 5/15
  1638 | D:4      | Found an opulent altar of Gozag.
  1824 | D:4      | Reached skill level 5 in Fire Magic
  2071 | D:4      | Found a shattered altar of Ashenzari.
  2071 | D:4      | Found a basalt altar of Yredelemnul.
  2334 | D:5      | Entered Level 5 of the Dungeon
  2391 | D:6      | Reached skill level 6 in Spellcasting
  2391 | D:6      | Reached XP level 7. HP: 30/36 MP: 3/18
  2451 | D:6      | Learned a level 5 spell: Fireball
  2922 | D:5      | Reached skill level 7 in Spellcasting
  2922 | D:5      | Reached skill level 5 in Conjurations
  2926 | D:5      | Reached XP level 8. HP: 41/41 MP: 7/20
  3194 | D:6      | Found an iron altar of Okawaru.
  3404 | D:5      | Found a staircase to the Ecumenical Temple.
  3414 | Temple   | Entered the Ecumenical Temple
  3455 | Temple   | Became a worshipper of Sif Muna the Loreminder
  3518 | D:6      | Found a shadowy altar of Dithmenos.
  3645 | D:8      | Reached skill level 8 in Spellcasting
  3771 | D:7      | Noticed Menkaure
  3774 | D:7      | Killed Menkaure
  3774 | D:7      | Reached skill level 5 in Dodging
  3921 | D:7      | Got a scorched buckler
  3978 | D:7      | Noticed Pikel
  3982 | D:7      | Killed Pikel
  3982 | D:7      | Reached * piety under Sif Muna
  3982 | D:7      | Reached skill level 9 in Spellcasting
  3982 | D:7      | Reached skill level 5 in Hexes
  3982 | D:7      | Reached XP level 9. HP: 45/45 MP: 3/24
  4187 | D:7      | Found a blossoming altar of Fedhas.
  4664 | D:8      | Got a faintly glowing leather armour
  4811 | D:8      | Reached ** piety under Sif Muna
  5024 | D:8      | Gained mutation: Your flesh is heat resistant. (rF+) [potion of mutation]
  5024 | D:8      | Gained mutation: Your system is resistant to poisons. (rPois) [potion of mutation]
  5024 | D:8      | Lost mutation: Your system is resistant to poisons. (rPois) [potion of mutation]
  5025 | D:8      | Gained mutation: Your flesh is very heat resistant. (rF++) [potion of beneficial mutation]
  5241 | D:8      | Reached skill level 10 in Spellcasting
  5427 | D:9      | Reached XP level 10. HP: 50/50 MP: 13/26
  5539 | D:10     | Entered Level 10 of the Dungeon
  5547 | D:9      | Found a glowing silver altar of Zin.
  5550 | D:9      | Found a white marble altar of Elyvilon.
  5552 | D:9      | Found a radiant altar of Vehumet.
  5552 | D:9      | Found a sacrificial altar of Ru.
  5879 | D:10     | Reached *** piety under Sif Muna
  6460 | D:10     | Reached skill level 11 in Spellcasting
  6587 | D:10     | Reached **** piety under Sif Muna
  6757 | D:10     | Found a staircase to the Lair.
  7009 | D:10     | Reached skill level 1 in Invocations
  7089 | D:11     | Reached skill level 1 in Evocations
  7135 | Lair:1   | Entered Level 1 of the Lair of Beasts
  7390 | D:11     | Reached skill level 10 in Fire Magic
  7467 | D:11     | Reached skill level 1 in Armour
  7593 | D:11     | Reached XP level 11. HP: 48/54 MP: 10/28
  7653 | D:11     | Noticed an unseen horror
  7656 | D:11     | Killed an unseen horror
  7666 | D:11     | Identified the cursed +1 leather armour of Kaocenuff {*Slow rPois Dex+8 Stlth-} (You found it on level 8 of the Dungeon)
  7700 | D:12     | Noticed a hill giant
  7703 | D:12     | Killed a hill giant
  8036 | D:12     | Noticed an unseen horror
  8045 | D:12     | Killed an unseen horror
  8047 | D:12     | Noticed a brown ugly thing
  8054 | D:12     | Killed a brown ugly thing
  8194 | D:11     | Noticed a four-headed hydra
  8206 | D:11     | Killed a four-headed hydra
  8338 | D:11     | Found a staircase to the Orcish Mines.
  8377 | Orc:1    | Entered Level 1 of the Orcish Mines
  8377 | Orc:1    | Found a roughly hewn altar of Beogh.
  8379 | Orc:1    | Reached skill level 10 in Conjurations
  8406 | D:11     | Reached skill level 12 in Spellcasting
  8506 | D:11     | Noticed a cyan ugly thing
  8518 | D:11     | Killed a cyan ugly thing
  8790 | D:11     | Reached ***** piety under Sif Muna
  8875 | D:11     | Noticed Erica
  8880 | D:11     | Killed Erica
  8880 | D:11     | Identified Sif Muna's Incunabulum of Supportive Confrontation (Sif Muna gifted it to you on level 11 of the Dungeon)
  8880 | D:11     | Received a gift from Sif Muna
  8889 | D:11     | Learned a level 6 spell: Bolt of Fire
  8895 | D:11     | Learned a level 5 spell: Lightning Bolt
  9390 | Lair:2   | Reached skill level 1 in Air Magic
  9426 | Lair:1   | Reached XP level 12. HP: 59/59 MP: 3/30
  9560 | Lair:1   | Found a stormy altar of Qazlal.
  9634 | Lair:1   | Noticed Fannar
  9643 | Lair:1   | Killed Fannar
 10019 | Lair:1   | Learned a level 2 spell: Blink
 10632 | Lair:3   | Reached skill level 5 in Invocations
 11044 | Lair:2   | Found a hole to the Spider Nest.
 11179 | Lair:2   | Noticed a five-headed hydra
 11195 | Lair:2   | Killed a five-headed hydra
 11518 | Lair:2   | Reached skill level 5 in Evocations
 11576 | Lair:2   | Reached skill level 13 in Spellcasting
 11651 | Lair:4   | Reached skill level 1 in Fighting
 11834 | Lair:4   | Found a staircase to the Shoals.
 12571 | Lair:4   | Received a gift from Sif Muna
 12573 | Lair:4   | Reached XP level 13. HP: 65/65 MP: 16/32
 12767 | Lair:6   | Entered Level 6 of the Lair of Beasts
 13069 | Lair:6   | Found a runed door.
 13070 | Lair:6   | Found a viscous altar of Jiyva.
 13076 | Lair:6   | Found a staircase to the Slime Pits.
 13200 | Lair:6   | Reached skill level 5 in Armour
 13202 | Lair:6   | Reached skill level 1 in Translocations
 13587 | Lair:1   | Learned a level 6 spell: Freezing Cloud
 14041 | Lair:4   | Reached skill level 1 in Ice Magic
 14792 | Lair:6   | Noticed a dire elephant
 14792 | Lair:6   | Noticed a dire elephant
 14809 | Lair:6   | Engulfed by a cloud of freezing vapour

Skill      XL: |  1  2  3  4  5  6  7  8  9 10 11 12 13 |
---------------+----------------------------------------+-----
Conjurations   | 2 3 4 5 6 7 9 10 11 | 11.4
Fire Magic     | 4 5 6 7 8 10 11 12 | 12.0
Spellcasting   | 4 5 6 7 9 10 11 12 13 | 13.5
Dodging        | 3 4 5 6 7 8 |  8.9
Hexes          | 1 2 3 5 6 |  6.0
Invocations    | 1 4 5 7 |  7.0
Evocations     | 1 4 5 6 |  6.5
Armour         | 1 3 4 5 |  5.1
Air Magic      | 1 4 |  4.7
Fighting       | 1 2 |  2.5
Translocations | 2 |  2.5
Ice Magic      | 1 |  1.8
Stealth        | |  2.4

Action                   |  1- 3 |  4- 6 |  7- 9 | 10-12 | 13-15 || total
-------------------------+-------+-------+-------+-------+-------++-------
Melee: Unarmed           |     4 |       |       |       |       ||     4
       Dagger            |     1 |       |       |       |       ||     1
       Spear             |       |     1 |     1 |       |       ||     2
       Halberd           |       |       |     6 |     3 |       ||     9
       Staff             |       |       |       |       |     3 ||     3
 Cast: Flame Tongue      |    62 |    52 |   147 |   170 |     8 ||   439
       Conjure Flame     |     3 |     7 |    15 |    51 |     3 ||    79
       Inner Flame       |     1 |     3 |    14 |    22 |     1 ||    41
       Sticky Flame      |       |     3 |    16 |    40 |    15 ||    74
       Fireball          |       |       |    11 |   130 |    42 ||   183
       Lightning Bolt    |       |       |       |    12 |     8 ||    20
       Blink             |       |       |       |     6 |     9 ||    15
       Bolt of Fire      |       |       |       |     1 |     1 ||     2
       Freezing Cloud    |       |       |       |       |    12 ||    12
Invok: Divine Energy     |       |       |       |     1 |       ||     1
       Channel Magic     |       |       |       |     3 |     1 ||     4
Evoke: Wand              |     1 |     4 |     3 |    13 |     7 ||    28
  Use: Scroll            |     5 |     5 |     2 |     3 |     2 ||    17
       Potion            |     1 |     6 |     8 |       |     2 ||    17
  Eat: Chunk             |     1 |     5 |    13 |    27 |     9 ||    55
       Fruit             |       |       |       |     4 |       ||     4
       Royal jelly       |       |       |       |     1 |       ||     1
Armor: Robe              |     2 |       |     6 |    21 |     7 ||    36
Dodge: Dodged            |    29 |     8 |    31 |    89 |    16 ||   173
